Map: Bel'Shir Vestige LE (Void)

Players

MaNa - Winner!

  • Race: Protoss Protoss
  • Spawn Location: 5:00

Has

  • Race: Protoss Protoss
  • Spawn Location: 11:00

Event: WCS Austin 2017

VOD

Have the link to the VOD?

Description

Time

  • Played on: April 28, 2017, 7:51 p.m.
  • Length: 12:51

All games in this series

Show
View Real Time Build Order
Export as new Build Order

MaNa Protoss - Winner!

Build Orders:  

Get SALT Encoding   

  12  0:03  Probe (Chrono Boost)  
  13  0:13  Probe (Chrono Boost)  
  14  0:19  Pylon  
  14  0:24  Probe (Chrono Boost)  
  15  0:37  Probe (Chrono Boost), Gateway  
  16  0:44  Assimilator  
  16  0:48  Probe (Chrono Boost)  
  17  0:51  Assimilator  
  17  0:58  Probe (Chrono Boost)  
  18  1:06  Gateway  
  18  1:09  Probe (Chrono Boost)  
  19  1:19  Probe (Chrono Boost)  
  20  1:26  Cybernetics Core  
  20  1:30  Probe (Chrono Boost)  
  21  1:33  Pylon  
  21  1:40  Probe (Chrono Boost)  
  22  1:51  Probe (Chrono Boost)  
  23  1:58  Warp Gate  
  23  2:00  Stalker x2  
  23  2:03  Probe (Chrono Boost)  
  28  2:10  Pylon  
  28  2:15  Probe (Chrono Boost)  
  29  2:27  Stalker  
  29  2:29  Stalker  
  34  2:38  Mothership Core (Chrono Boost)  
  34  2:57  Stalker x2  
  36  2:59  Pylon  
  36  3:04  Probe (Chrono Boost)  
  38  3:26  Nexus  
  38  3:45  Probe (Chrono Boost)  
  37  3:52  Gateway  
  35  4:00  Twilight Council, Stalker x2  
  39  4:09  Probe (Chrono Boost)  
  40  4:26  Stalker x2  
  44  4:34  Blink  
  44  4:47  Robotics Facility  
  41  5:03  Probe (Chrono Boost)  
  41  5:05  Zealot, Adept  
  46  5:07  Stalker  
  46  5:09  Probe (Chrono Boost)  
  50  5:15  Probe (Chrono Boost)  
  50  5:20  Probe (Chrono Boost)  
  51  5:27  Probe (Chrono Boost)  
  52  5:30  Probe (Chrono Boost)  
  52  5:34  Pylon  
  50  5:35  Observer  
  50  5:39  Probe (Chrono Boost)  
  50  5:41  Probe (Chrono Boost)  
  54  5:51  Probe x2 (Chrono Boost)  
  54  5:56  Sentry x2  
  59  6:01  Probe (Chrono Boost)  
  59  6:02  Probe (Chrono Boost)  
  61  6:12  Probe (Chrono Boost)  
  61  6:13  Probe (Chrono Boost)  
  61  6:16  Immortal  
  67  6:22  Probe (Chrono Boost)  
  67  6:23  Probe (Chrono Boost)  
  69  6:27  Pylon  
  69  6:30  Assimilator  
  69  6:33  Probe (Chrono Boost)  
  70  6:45  Probe x2 (Chrono Boost), Stalker x3  
  78  6:50  Pylon  
  78  6:55  Assimilator  
  78  7:03  Observer  
  78  7:08  Probe x2 (Chrono Boost)  
  80  7:13  Stalker x2  
  84  7:18  Stalker  
  86  7:30  Probe (Chrono Boost)  
  86  7:31  Probe (Chrono Boost)  
  86  7:42  Pylon x2  
  86  7:48  Gateway  
  86  7:54  Robotics Bay  
  86  7:56  Immortal  
  86  8:00  Probe x2 (Chrono Boost)  
  86  8:01  Pylon  
  92  8:10  Probe (Chrono Boost)  
  92  8:12  Probe (Chrono Boost)  
  94  8:15  Nexus  
  94  8:18  Pylon  
  94  8:24  Probe (Chrono Boost)  
  95  8:30  Pylon  
  95  8:38  Disruptor  
  95  8:39  Stalker x3  
  101  9:07  Stalker x3  
  106  9:11  Observer  
  107  9:27  Disruptor  
  107  9:29  Pylon  
  107  9:31  Pylon  
  107  9:32  Stalker x3  
  108  9:50  Probe (Chrono Boost)  
  108  9:51  Probe (Chrono Boost)  
  98  9:56  Stalker x4  
  98  9:58  Nexus  
  98  9:59  Disruptor  
  109  10:09  Probe (Chrono Boost)  
  109  10:12  Pylon x2  
  108  10:26  Stalker  
  108  10:27  Stalker x3  
  116  10:40  Disruptor  
  117  10:54  Stalker x3  
  117  10:55  Stalker  
  125  11:02  Forge  
  123  11:24  Stalker x3  
  125  11:25  Disruptor  
  125  11:29  Probe (Chrono Boost)  
  125  11:31  Probe (Chrono Boost)  
  130  11:49  Photon Cannon  
  128  12:01  Warp Prism  
  128  12:03  Stalker x2  
  129  12:26  Stalker x3  
  129  12:27  Stalker  
Show
View Real Time Build Order
Export as new Build Order

Has Protoss 

Build Orders: Oracle Opening 

Get SALT Encoding   

  12  0:01  Probe (Chrono Boost)  
  13  0:11  Probe (Chrono Boost)  
  14  0:17  Pylon  
  14  0:22  Probe (Chrono Boost)  
  16  0:35  Probe (Chrono Boost), Gateway  
  16  0:43  Assimilator  
  16  0:46  Probe (Chrono Boost)  
  17  0:50  Assimilator  
  17  0:56  Probe (Chrono Boost)  
  18  1:03  Gateway  
  18  1:07  Probe (Chrono Boost)  
  19  1:18  Probe (Chrono Boost)  
  20  1:23  Cybernetics Core  
  20  1:28  Probe (Chrono Boost)  
  20  1:31  Pylon  
  21  1:39  Probe (Chrono Boost)  
  22  1:49  Probe (Chrono Boost)  
  22  1:50  Warp Gate  
  23  1:58  Adept  
  23  1:59  Adept  
  29  2:11  Pylon  
  29  2:17  Stargate  
  27  2:25  Stalker  
  27  2:29  Stalker  
  31  2:43  Pylon  
  31  2:57  Oracle  
  32  3:15  Gateway  
  32  3:16  Stalker x2  
  35  3:20  Probe (Chrono Boost)  
  35  3:32  Probe (Chrono Boost)  
  36  3:45  Probe (Chrono Boost)  
  37  3:56  Pylon  
  37  3:58  Stalker, Sentry  
  41  4:05  Probe (Chrono Boost)  
  41  4:08  Twilight Council  
  42  4:14  Stalker  
  42  4:17  Probe (Chrono Boost)  
  45  4:27  Probe (Chrono Boost)  
  45  4:38  Probe (Chrono Boost)  
  46  4:40  Nexus  
  46  4:41  Pylon  
  46  4:47  Dark Shrine  
  47  5:04  Mothership Core (Chrono Boost)  
  48  5:07  Pylon  
  48  5:18  Sentry  
  50  5:23  Probe (Chrono Boost)  
  50  5:25  Blink  
  50  5:26  Pylon  
  51  5:34  Probe (Chrono Boost)  
  49  5:45  Probe (Chrono Boost)  
  49  5:49  Gateway  
  50  5:50  Gateway  
  50  5:53  Probe (Chrono Boost)  
  50  5:55  Probe (Chrono Boost)  
  52  6:01  Dark Templar  
  55  6:04  Probe (Chrono Boost)  
  55  6:06  Probe (Chrono Boost)  
  55  6:07  Assimilator  
  55  6:10  Assimilator  
  56  6:12  Stalker  
  56  6:14  Probe (Chrono Boost)  
  60  6:19  Probe (Chrono Boost)  
  60  6:25  Probe (Chrono Boost)  
  61  6:31  Probe (Chrono Boost)  
  62  6:38  Robotics Facility  
  62  6:39  Pylon  
  63  6:43  Probe (Chrono Boost)  
  63  6:47  Stalker x2  
  63  6:50  Probe (Chrono Boost)  
  63  6:51  Stalker  
  70  6:56  Stalker  
  74  7:01  Probe (Chrono Boost)  
  74  7:02  Probe (Chrono Boost)  
  72  7:11  Stalker x2  
  76  7:16  Stalker  
  76  7:19  Probe (Chrono Boost)  
  76  7:20  Probe (Chrono Boost)  
  79  7:30  Probe (Chrono Boost)  
  79  7:32  Observer  
  78  7:40  Robotics Bay  
  78  7:43  Pylon  
  78  7:45  Stalker x2  
  81  7:53  Pylon  
  81  7:59  Nexus  
  81  8:03  Pylon  
  81  8:13  Probe (Chrono Boost)  
  81  8:15  Probe (Chrono Boost)  
  83  8:23  Disruptor  
  83  8:24  Probe (Chrono Boost)  
  83  8:26  Pylon  
  84  8:27  Pylon  
  84  8:32  Probe (Chrono Boost)  
  88  8:37  Probe (Chrono Boost)  
  89  8:43  Stalker x4  
  89  8:44  Probe (Chrono Boost)  
  98  8:52  Probe (Chrono Boost)  
  98  8:54  Disruptor, Pylon  
  101  9:07  Probe (Chrono Boost)  
  101  9:08  Probe (Chrono Boost)  
  103  9:11  Pylon  
  103  9:12  Pylon  
  103  9:13  Pylon  
  103  9:27  Disruptor, Nexus  
  103  9:29  Pylon  
  90  9:55  Probe (Chrono Boost), Stalker x3  
  90  9:56  Probe (Chrono Boost), Stalker  
  90  9:58  Disruptor  
  103  10:12  Probe (Chrono Boost)  
  104  10:18  Fleet Beacon  
  104  10:29  Disruptor  
  104  10:31  Probe (Chrono Boost)  
  104  10:33  Probe (Chrono Boost)  
  109  10:42  Probe (Chrono Boost)  
  110  10:44  Probe (Chrono Boost)  
  110  10:45  Probe (Chrono Boost)  
  112  10:55  Stalker  
  112  10:56  Stalker x3  
  117  10:59  Pylon  
  101  11:21  Probe (Chrono Boost)  
  101  11:22  Probe (Chrono Boost)  
  93  11:27  Probe (Chrono Boost)  
  93  11:31  Probe (Chrono Boost)  
  95  11:33  Disruptor  
  95  11:34  Probe (Chrono Boost)  
  95  11:36  Stalker x4  
  107  11:41  Probe (Chrono Boost)  
  107  11:48  Graviton Catapult  
  107  11:49  Probe (Chrono Boost)  
  107  12:00  Mothership Core (Chrono Boost)  
  100  12:06  Disruptor  
  100  12:07  Stalker x3  
  100  12:08  Stalker  
  94  12:26  Probe (Chrono Boost)  
  94  12:28  Probe (Chrono Boost)  
  85  12:38  Stalker x4  
Tags
 
Add a new tag
Caveats
  • Supply blocks, unpowered buildings, or Contaminate may cause inaccurate times.
  • Supply counts are checked every 10 seconds.